AoeStats
← [BRANCA] Ale Vai

Pilgrims

507378810Analyzed
3v3 RM · 26d ago on Sep 18, 2026· 35m 15s· 6 players
Game mode
Random Map
Map size
Normal (6 player)
Population
200
Speed
Normal
Resources
Standard
Victory
Conquest
Starting age
Dark Age
Ending age
Imperial Age
RankedLock teamsTeams togetherTeam positionsShared explorationLock speedFull tech treeHidden civsTurbo modeCheats
Victory
Defeat
🇦🇷 Saracens · Argentina
1575
+8
🇦🇷 Persians · Argentina
1284
+19
🇦🇷 Dravidians · Argentina
1274
+19
vs
🇳🇿 Italians · New Zealand
1390
-16
🇨🇱 Japanese · Chile
1380
-16
🇨🇴 Koreans · Colombia
1322
-14
Drogadiccionman
8:51 Loom
10:52 Feudal Age
12:17 Double-Bit Axe
14:22 Fletching
18:55 Castle Age
19:50 Bodkin Arrow
20:39 Guard Tower
21:13 Town Watch
Not Ben
10:20 Feudal Age
johnmaestre1
3:50 Loom
11:25 Feudal Age
URU | Deo
8:47 Loom
10:39 Feudal Age
12:08 Double-Bit Axe
15:03 Castle Age
14:42 Fishing Lines
16:00 Medium Warships
16:49 Bow Saw
16:41 Fletching
17:09 Forging
17:04 Scale Barding Armor
17:01 Gold Mining
17:13 Town Watch
23:08 Wheelbarrow
27:24 Hand Cart
27:00 Horse Collar
28:19 Chain Barding Armor
28:51 Iron Casting
34:19 Imperial Age
32:14 Fletching
32:43 Heavy Plow
32:56 Town Patrol
32:53 Gillnets
33:07 Bodkin Arrow
34:31 Clinker Construction
34:32 Careening
35:05 Bracer
[BRANCA] Ale Vai
9:04 Loom
11:26 Feudal Age
13:49 Town Watch
16:16 Double-Bit Axe
21:03 Castle Age
20:28 Gold Mining
20:19 Horse Collar
21:52 Fletching
23:49 Stone Mining
23:53 Fishing Lines
25:01 Bloodlines
24:58 Husbandry
25:22 Scale Barding Armor
31:16 Forging
32:02 Medium Warships
35:05 Imperial Age
33:44 Wheelbarrow
34:25 Gold Shaft Mining
34:26 Stone Shaft Mining
35:01 Spies/Treason
36:01 Conscription
Alejandro Manco
9:35 Loom
11:24 Feudal Age
15:12 Castle Age
16:20 Double-Bit Axe
17:31 Wheelbarrow
16:48 Fletching
17:17 Gold Mining
17:17 Loom
17:38 Town Watch
17:56 Bodkin Arrow
18:16 Padded Archer Armor
18:46 Fishing Lines
24:07 Thumb Ring
23:51 Horse Collar
26:04 Gillnets
32:45 Imperial Age
31:36 Hand Cart
31:38 Husbandry
32:13 Town Patrol
33:30 Bracer
35:49 Chemistry
35:15 Leather Archer Armor
Connection lost

Rejoining the realm…

Still unreachable

The connection could not be restored.

Session expired

The server has moved on; the page needs a fresh start.